 Dungeon Crawl Stone Soup version 0.20.1-1-g8b1a95d (webtiles) character file.

74273 manyhoops the Basher (level 14, -1/118 HPs)
             Began as a Demigod Air Elementalist on Sept 12, 2017.
             Slain by a shadow (36 damage)
             ... on level 14 of the Dungeon on Sept 18, 2017.
             The game lasted 00:59:24 (28619 turns).

manyhoops the Basher (Demigod Air Elementalist)    Turns: 28619, Time: 00:59:24

Health: -1/118     AC: 15    Str: 16    XL:     14   Next: 64%
Magic:  17/30      EV: 19    Int: 32    God:
Gold:   1067       SH:  4    Dex: 24    Spells: 3/29 levels left

rFire    x . .     SeeInvis .   V - +9 great mace "Ysurr" {speed, rF- MR+++ MP-9 Int+3}
rCold    + . .     Gourm    .   (shield currently unavailable)
rNeg     . . .     Faith    .   M - +4 leather armour of Knowledge {rElec rF- MR- Slay+5}
rPois    .         Spirit   .   J - +2 helmet
rElec    +         Reflect  .   F - scarf {rC+ rF+}
rCorr    .         Harm     +   L - +2 pair of gloves {Dex+3}
MR       +++..                  v - +0 pair of boots {Fly}
Stlth    ++........             W - amulet of Xebb {Harm *Drain MP+9 Str+5}
Regen    0.3/turn               S - +2 ring of intelligence
MPRegen  0.3/turn               U - +3 ring of dexterity

@: flying
A: large bone plates 1, agile 1, high mp 1
a: Stop Flying


You were on level 14 of the Dungeon.
You were not hungry.

You visited 2 branches of the dungeon, and saw 20 of its levels.
You also visited: Bailey.

You collected 1652 gold pieces.
You spent 585 gold pieces at shops.

Inventory:

Hand Weapons
 d - a +3 mace of crushing
 V - the +9 great mace "Ysurr" (weapon) {speed, rF- MR+++ MP-9 Int+3}
   (You acquired it on level 5 of the Lair of Beasts)

   Attacks with this weapon are significantly faster.
   It affects your intelligence (+3).
   It makes you vulnerable to fire.
   It affects your resistance to hostile enchantments.
   It affects your magic capacity (-9).
Missiles
 I - a throwing net (quivered)
Armour
 f - a +1 buckler of cold resistance
 v - a +0 pair of boots of flying (worn)
 F - a scarf of resistance (worn)
 J - a +2 helmet (worn)
 L - a +2 pair of gloves of dexterity (worn)
 M - the +4 leather armour of Knowledge (worn) {rElec rF- MR- Slay+5}
   (You bought it in a shop on level 7 of the Dungeon)

   It affects your accuracy and damage with ranged weapons and melee attacks
   (+5).
   It makes you vulnerable to fire.
   It insulates you from electricity.
   It affects your resistance to hostile enchantments.
Jewellery
 h - an uncursed amulet of regeneration
 z - an uncursed ring of stealth
 K - an uncursed ring of resist corrosion
 Q - an uncursed ring of ice
 S - a +2 ring of intelligence (left hand)
 U - a +3 ring of dexterity (right hand)
 W - the amulet of Xebb (around neck) {Harm *Drain MP+9 Str+5}
   (You took it off a centaur on level 12 of the Dungeon)

   [amulet of harm]

   It increases damage dealt and taken.
   It affects your strength (+5).
   It affects your magic capacity (+9).
   It causes draining when unequipped.
Wands
 B - a wand of flame (42/48)
 N - a wand of disintegration (19/24)
 Y - a wand of digging (13/24)
Scrolls
 a - 3 scrolls of fear
 j - 10 scrolls of remove curse
 l - 4 scrolls of enchant weapon
 n - 3 scrolls of identify
 o - 3 scrolls of noise
 t - a scroll of enchant armour
 w - 4 scrolls of teleportation
 x - 4 scrolls of amnesia
 y - 3 scrolls of recharging
 A - 2 scrolls of immolation
 C - a scroll of blinking
 O - a scroll of silence
 R - 3 scrolls of fog
 T - 3 scrolls of magic mapping
Potions
 b - 3 potions of flight
 c - 2 potions of invisibility
 e - 4 potions of agility
 g - 4 potions of cancellation
 k - 4 potions of berserk rage
 m - 6 potions of curing
 q - 3 potions of ambrosia
 r - 3 potions of lignification
 s - 3 potions of heal wounds
 u - 3 potions of haste
 E - 3 potions of magic
 G - 3 potions of mutation
 H - 3 potions of might
 X - 3 potions of resistance
Books
 p - a book of Spatial Translocations

   Spells                             Type                      Level
   a - Blink                          Translocation                2
   b - Shroud of Golubria             Charms/Translocation         2
   c - Lesser Beckoning               Translocation                3
   d - Gell's Gravitas                Translocation                3
   e - Teleport Other                 Translocation                3
   f - Passage of Golubria            Translocation                4
 D - a book of Cantrips

   Spells                             Type                      Level
   a - Confusing Touch                Hexes                        1
   b - Animate Skeleton               Necromancy                   1
   c - Summon Small Mammal            Summoning                    1
   d - Apportation                    Translocation                1
Comestibles
 i - 16 royal jellies


   Skills:
 + Level 9.0 Fighting
 - Level 14.3 Maces & Flails
 - Level 7.0 Armour
 - Level 7.5 Dodging
 - Level 1.7 Stealth
 - Level 4.3 Shields
 - Level 8.3 Spellcasting
 - Level 8.5 Conjurations
 - Level 8.5 Air Magic


You had 3 spell levels left.
You knew the following spells:

 Your Spells              Type           Power        Failure   Level  Hunger
a - Shock                 Conj/Air       ####         1%          1    None
b - Swiftness             Chrm/Air       #####...     1%          2    None
c - Static Discharge      Conj/Air       ######..     1%          3    None
d - Airstrike             Air            ######....   1%          4    None
e - Lightning Bolt        Conj/Air       ######....   3%          5    ####...
f - Summon Lightning Spi  Summ/Air       #####...     8%          4    None
g - Mephitic Cloud        Conj/Pois/Air  #####...     1%          3    None
h - Shroud of Golubria    Chrm/Tloc      ##........   6%          2    None
i - Blink                 Tloc           N/A          6%          2    None


Dungeon Overview and Level Annotations

Branches:
Dungeon (14/15)            Temple (0/1) D:7            Lair (6/6) D:8
  Swamp (0/4) Lair:2        Snake (0/4) Lair:4        Slime (0/5) Lair:5
    Orc (0/2) D:10
 Vaults: D:13-14

Shops:
D:5 %   D:6 *   D:7 }[(!


Innate Abilities, Weirdness & Mutations

You have an increased reservoir of magic. (+10% MP)
You are partially covered in large bone plates. (SH +4)
You are agile. (Dex +2)


Message History

The death knight is severely wounded.
The death knight reflects your damage back at you!
The death knight invokes the aid of Yredelemnul against you.
You resist with almost no effort.
Unknown command.
You bludgeon the death knight!!
You kill the death knight!
Your Fighting skill increases to level 9!
Your damage is reflected back at you!
Unknown command.
You are too injured to fight recklessly!
Unknown command.
The shadow strikes at you from the darkness!
* * * LOW HITPOINT WARNING * * *
Reactivating autopickup.
The shadow slips into darkness.
The shadow flickers and vanishes!
Deactivating autopickup; reactivate with Ctrl-A.
The shadow strikes at you from the darkness!
You die...

#..... #..... . #..#.. #.
#..#.. #. #.....
####.###############.....
#......#...#...#...#.....
#.....#...#...#...#..#...
#){@#...#...#...#...
#.......#...#...#....#...
####################.+...
.... ........#...
#...########.......###.
...........#.###.#...#.
...........#.....#...#.
...........#.....#...#.
...........#.....#.†.'.


There were no monsters in sight!

Vanquished Creatures
  A tentacled monstrosity (D:13)
  2 very ugly things (D:13)
  Fannar (D:11)
  6 hydras
  A centaur warrior (D:14)
  A death knight (D:14)
  Erica (D:8)
  5 death yaks
  7 two-headed ogres
  Nergalle (Lair:4)
  An unseen horror (D:12)
  3 oklob plants
  An ugly thing (D:13)
  3 cyclopes
  2 manticores
  3 centaur zombies
  9 elephants (Lair:5)
  6 black mambas
  24 spiny frogs
  A torpor snail (Lair:4)
  3 rime drakes
  An efreet (D:13)
  7 komodo dragons
  2 demonic crawlers (D:13)
  2 polar bears
  3 trolls
  A queen bee (Lair:5)
  A hornet (D:11)
  3 meliai (Lair:5)
  Prince Ribbit (D:5)
  5 tyrant leeches (Lair:6)
  16 blink frogs
  13 hippogriffs
  Sigmund (D:2)
  2 shadows
  43 yaks
  2 wyverns (Lair:5)
  A hungry ghost (D:12)
  A neqoxec (D:13)
  6 basilisks
  8 vampire mosquitoes
  A chaos spawn (D:13)
  2 acid dragons (D:12)
  12 water moccasins
  3 soldier ants
  10 porcupines
  9 orc warriors
  5 sky beasts
  3 ice beasts
  3 black bears
  11 wolves
  6 ogres
  2 phantoms
  15 centaurs
  3 necrophages
  9 crocodiles
  3 big kobolds
  Blork the orc (D:4)
  29 bullfrogs
  A wyvern skeleton (D:9)
  5 small abominations (D:13)
  5 scorpions
  10 wights
  39 killer bees
  4 howler monkeys
  3 electric eels (D:10)
  5 crimson imps
  A quasit (D:13)
  A bullfrog zombie (D:11)
  A jelly (D:12)
  A centaur skeleton (D:11)
  9 orc priests
  7 hounds
  2 bullfrog skeletons
  Crazy Yiuf (D:2)
  10 hell rats
  8 iguanas
  18 orc wizards
  13 worker ants
  A hound zombie (D:6)
  5 hound skeletons
  Robin (D:3)
  A worker ant zombie (D:9)
  17 gnolls
  A howler monkey skeleton (D:4)
  15 adders
  9 river rats
  4 oozes
  An adder zombie (D:9)
  7 worms
  2 adder skeletons
  A dart slug (D:1)
  7 leopard geckos
  57 orcs
  7 bats
  4 giant cockroaches
  23 hobgoblins
  8 jackals
  35 kobolds
  3 quokkas
  A ball python (D:5)
  A ball python skeleton (D:4)
  A ball python zombie (D:5)
  A frilled lizard (D:2)
  15 goblins
  A leopard gecko skeleton (D:4)
  2 leopard gecko zombies
  A quokka skeleton (D:4)
  8 rats
  2 fungi
  3 plants
717 creatures vanquished.

Vanquished Creatures (collateral kills)
  A two-headed ogre (D:12)
  An oklob plant (Lair:6)
2 creatures vanquished.

Vanquished Creatures (others)
  A killer bee (D:10)
  A bullfrog skeleton (D:10)
  40 fungi
  63 plants
105 creatures vanquished.

Grand Total: 824 creatures vanquished

Notes
Turn   | Place    | Note
-------+----------+-------------------------------------------
     0 | D:1      | manyhoops the Demigod Air Elementalist began the quest for the Orb.
     0 | D:1      | Reached XP level 1. HP: 14/14 MP: 5/5
    15 | D:1      | Reached skill level 1 in Conjurations
   344 | D:1      | Reached XP level 2. HP: 15/20 MP: 7/7
  1123 | D:2      | Reached XP level 3. HP: 15/26 MP: 1/8
  1299 | D:2      | Found a faded altar of an unknown god.
  1786 | D:2      | Noticed Sigmund
  2576 | D:2      | Found a runed door.
  2614 | D:2      | Killed Sigmund
  2614 | D:2      | Reached XP level 4. HP: 28/33 MP: 0/11
  2614 | D:2      | Reached XP level 5. HP: 32/38 MP: 0/12
  2738 | D:2      | Learned a level 2 spell: Swiftness
  2742 | D:2      | Learned a level 3 spell: Static Discharge
  2742 | D:2      | Noticed Crazy Yiuf
  2752 | D:2      | Killed Crazy Yiuf
  3041 | D:3      | Noticed Robin
  3061 | D:3      | Killed Robin
  3261 | D:3      | Reached XP level 6. HP: 37/45 MP: 9/13
  3344 | D:3      | Found a basalt altar of Yredelemnul.
  4006 | D:4      | Learned a level 4 spell: Airstrike
  4064 | D:4      | Found a shadowy altar of Dithmenos.
  4312 | D:4      | Reached XP level 7. HP: 50/50 MP: 5/16
  4426 | D:4      | Noticed Blork the orc
  4432 | D:4      | Killed Blork the orc
  4432 | D:4      | Reached skill level 5 in Conjurations
  4789 | D:4      | Found a glowing silver altar of Zin.
  4910 | D:4      | Reached skill level 5 in Air Magic
  4975 | D:5      | Entered Level 5 of the Dungeon
  5275 | D:5      | Found Pejiladdut's Food Boutique.
  5378 | D:5      | Noticed Prince Ribbit
  5521 | D:5      | Found a sacrificial altar of Ru.
  5729 | D:5      | Reached XP level 8. HP: 57/57 MP: 15/18
  5799 | D:5      | Killed Prince Ribbit
  5799 | D:5      | Reached skill level 5 in Spellcasting
  6025 | D:6      | Found a stormy altar of Qazlal.
  6025 | D:6      | Found a hide-covered altar of Uskayaw.
  6262 | D:6      | Learned a level 5 spell: Lightning Bolt
  6295 | D:6      | Found Rimynapt's Serpentskin Sales.
  6614 | D:7      | Noticed a hippogriff
  6618 | D:7      | Killed a hippogriff
  6798 | D:7      | Reached XP level 9. HP: 45/62 MP: 20/22
  6802 | D:7      | Got a scorched rapier
  6805 | D:7      | Identified the cursed +1 rapier "Gawyin" {flame, *Noise rC+ Str+2 Dex+6} (You found it on level 7 of the Dungeon)
  6957 | D:7      | Found Tedau's Gadget Boutique.
  7025 | D:7      | Found Nokkif's Antique Armour Shoppe.
  7037 | D:7      | Bought a pair of glowing gloves for 195 gold pieces
  7037 | D:7      | Bought a translucent leather armour for 182 gold pieces
  7047 | D:7      | Identified the +4 leather armour of Knowledge {rElec rF- MR- Slay+5} (You bought it in a shop on level 7 of the Dungeon)
  7185 | D:7      | Found a staircase to the Ecumenical Temple.
  7405 | D:7      | Found Puogguh's Weapon Emporium.
  7406 | D:7      | Found Irghupt's Distillery.
  7851 | D:8      | Noticed Erica
  7858 | D:8      | Killed Erica
  7934 | D:8      | Found a staircase to the Lair.
  8052 | D:8      | Reached XP level 10. HP: 69/69 MP: 25/25
  8384 | D:8      | Noticed a two-headed ogre
  8392 | D:8      | Killed a two-headed ogre
  8605 | D:7      | Bought a runed scarf for 208 gold pieces
  8778 | D:9      | Noticed a two-headed ogre
  8786 | D:9      | Killed a two-headed ogre
  9035 | D:9      | Reached skill level 5 in Dodging
  9174 | D:9      | Noticed a two-headed ogre
  9177 | D:9      | Killed a two-headed ogre
  9200 | D:9      | Noticed a two-headed ogre
  9205 | D:9      | Killed a two-headed ogre
  9561 | D:10     | Entered Level 10 of the Dungeon
  9594 | D:10     | Reached XP level 11. HP: 74/74 MP: 20/27
  9674 | D:10     | Found a flagged portal.
  9722 | Bailey   | Entered a bailey
 10109 | Bailey   | Reached skill level 1 in Maces & Flails
 10204 | Bailey   | Identified a scroll of acquirement
 10269 | D:10     | Noticed Fannar
 10280 | D:11     | Reached skill level 1 in Shields
 11197 | D:11     | Reached skill level 2 in Maces & Flails
 11431 | D:11     | Reached skill level 1 in Fighting
 11612 | D:11     | Killed Fannar
 11612 | D:11     | Reached skill level 3 in Maces & Flails
 11738 | D:10     | Found a shimmering altar of Xom.
 11743 | D:10     | Reached skill level 4 in Maces & Flails
 12165 | D:10     | Reached skill level 5 in Maces & Flails
 12246 | D:10     | Noticed a two-headed ogre
 12254 | D:10     | Killed a two-headed ogre
 12281 | D:10     | Found a staircase to the Orcish Mines.
 12681 | Lair:1   | Entered Level 1 of the Lair of Beasts
 13021 | Lair:1   | Reached skill level 6 in Maces & Flails
 13120 | Lair:1   | Gained mutation: You are agile. (Dex +2) [potion of mutation]
 13120 | Lair:1   | Gained mutation: You are partially covered in large bone plates. (SH +4) [potion of mutation]
 13850 | Lair:2   | Reached skill level 7 in Maces & Flails
 13889 | Lair:2   | Noticed a seven-headed hydra
 13901 | Lair:2   | Killed a four-headed hydra
 14041 | Lair:2   | Found a staircase to the Swamp.
 14075 | Lair:2   | Reached XP level 12. HP: 63/88 MP: 18/28
 14312 | Lair:2   | Learned a level 4 spell: Summon Lightning Spire
 14319 | Lair:2   | Reached skill level 8 in Maces & Flails
 14484 | Lair:2   | Found a sacrificial altar of Ru.
 14772 | Lair:2   | Noticed a seven-headed hydra
 14778 | Lair:2   | Killed a seven-headed hydra
 15076 | Lair:3   | Got a pitted mace
 15078 | Lair:3   | Identified the cursed +3 mace of Sam Don {vamp, Str+4} (You found it on level 3 of the Lair of Beasts)
 15115 | Lair:3   | Got a polished hand axe
 15117 | Lair:3   | Identified the +10 hand axe of Lies {chaos, Stlth+} (You found it on level 3 of the Lair of Beasts)
 15400 | Lair:3   | Reached skill level 9 in Maces & Flails
 16299 | Lair:4   | Found a staircase to the Snake Pit.
 16482 | Lair:4   | Reached skill level 10 in Maces & Flails
 16518 | Lair:4   | Noticed Nergalle
 16538 | Lair:4   | Killed Nergalle
 16538 | Lair:4   | Reached skill level 1 in Armour
 17954 | Lair:5   | Reached skill level 5 in Armour
 18707 | Lair:5   | Reached XP level 13. HP: 61/99 MP: 0/29
 19375 | Lair:5   | Got a crude great mace
 19377 | Lair:5   | Identified the +9 great mace "Ysurr" {speed, rF- MR+++ MP-9 Int+3} (You acquired it on level 5 of the Lair of Beasts)
 19426 | Lair:5   | Learned a level 3 spell: Mephitic Cloud
 20053 | Lair:5   | Reached skill level 11 in Maces & Flails
 20444 | Lair:5   | Found a staircase to the Slime Pits.
 20650 | Lair:5   | Reached skill level 12 in Maces & Flails
 20716 | Lair:6   | Entered Level 6 of the Lair of Beasts
 21902 | Lair:6   | Reached skill level 13 in Maces & Flails
 22589 | Lair:6   | Reached XP level 14. HP: 94/105 MP: 11/30
 23623 | Lair:6   | Reached skill level 14 in Maces & Flails
 23912 | Lair:6   | Identified the Disquisition on Ensnaring Shape Shifting
 25076 | D:10     | Reached skill level 5 in Fighting
 25528 | D:12     | Got a warped silver amulet
 25575 | D:12     | Identified the amulet of Xebb {Harm *Drain MP+9 Str+5} (You took it off a centaur on level 12 of the Dungeon)
 26818 | D:13     | Found a runed door.
 27531 | D:13     | Noticed a tentacled monstrosity
 28310 | D:13     | Learned a level 2 spell: Shroud of Golubria
 28313 | D:13     | Learned a level 2 spell: Blink
 28346 | D:13     | Killed a tentacled monstrosity
 28619 | D:14     | Slain by a shadow

Skill      XL: |  1  2  3  4  5  6  7  8  9 10 11 12 13 14 |
---------------+-------------------------------------------+-----
Conjurations   | 1 3 4 5 6 8 |  8.5
Air Magic      | 3 4 5 6 8 |  8.5
Spellcasting   | 2 3 4 6 7 8 |  8.3
Dodging        | 7 |  7.5
Maces & Flails | 7 10 13 14 | 14.3
Shields        | 4 |  4.3
Fighting       | 2 4 9 |  9.0
Armour         | 6 7 |  7.0
Stealth        | |  1.7

Action                   |  1- 3 |  4- 6 |  7- 9 | 10-12 | 13-15 || total
-------------------------+-------+-------+-------+-------+-------++-------
Melee: Dagger            |    40 |       |       |       |       ||    40
       Unarmed           |    10 |       |       |       |       ||    10
       Club              |     1 |       |       |       |       ||     1
       Mace              |       |    45 |   144 |   416 |   324 ||   929
       Scimitar          |       |       |       |     4 |       ||     4
       Great mace        |       |       |       |       |   227 ||   227
Throw: Javelin           |     2 |       |     1 |       |       ||     3
 Cast: Shock             |    95 |   112 |   117 |    86 |    15 ||   425
       Static Discharge  |       |     1 |    67 |   225 |   111 ||   404
       Airstrike         |       |       |     2 |    21 |    18 ||    41
       Lightning Bolt    |       |       |       |    51 |    90 ||   141
       Swiftness         |       |       |       |     1 |     1 ||     2
       Shroud of Golubri |       |       |       |       |     1 ||     1
       Summon Lightning  |       |       |       |       |     1 ||     1
  Use: Scroll            |     3 |     1 |    12 |     7 |    11 ||    34
       Potion            |       |       |     2 |     8 |     1 ||    11
 Stab: Sleeping          |     2 |     1 |     2 |     3 |     3 ||    11
       Distracted        |       |       |       |     2 |     7 ||     9
  Eat: Chunk             |     2 |     5 |    12 |    26 |    35 ||    80
       Bread ration      |     1 |       |       |     1 |       ||     2
       Fruit             |       |       |       |     3 |       ||     3
       Meat ration       |       |       |       |     3 |     1 ||     4
       Royal jelly       |       |       |       |     1 |     4 ||     5
Armor: Robe              |    16 |    11 |       |       |       ||    27
       Ring mail         |       |     4 |    98 |       |       ||   102
       Leather armour    |       |       |    35 |   173 |   170 ||   378
Dodge: Dodged            |    70 |    46 |   163 |   526 |   471 ||  1276
Block: Buckler           |       |       |       |   247 |   233 ||   480
       Other             |       |       |       |       |    28 ||    28
